| TOP OF THE 1ST |
|
Billings Mustangs batting - Pitching for Helena Brewers : LHP Juan Gonzalez
|
|
Pitching: LHP Juan Gonzalez
|
|
|
Batting: RHB Cyd Carver
|
0-0: Ball 1-0: Ball 2-0: Fly out, F9 (Flyball, 89M, EV 81.9 MPH)
|
|
Batting: RHB Hector Maldonado
|
0-0: Called Strike 0-1: Swinging Strike 0-2: Ball 1-2: Strikes out swinging
|
|
Batting: RHB David Clough
|
0-0: Called Strike 0-1: Ball 1-1: Foul Ball, location: 2F 1-2: Ball 2-2: Foul Ball, location: 2F 2-2: Strikes out swinging, 2-3 out at first.
|
| Top of the 1st over - 0 runs, 0 hits, 0 errors, 0 left on base; Billings 0 - Helena 0 |
| BOTTOM OF THE 1ST |
|
Helena Brewers batting - Pitching for Billings Mustangs : RHP Taneo Kobayashi
|
|
Pitching: RHP Taneo Kobayashi
|
|
|
Batting: RHB Nick Cummings
|
0-0: Fly out, F8 (Flyball, 8RM, EV 82.5 MPH)
|
|
Batting: SHB Robert Sayer
|
0-0: Ball 1-0: Called Strike 1-1: Ball 2-1: Swinging Strike 2-2: SINGLE (Line Drive, 4M, EV 99.4 MPH)
|
|
Batting: LHB Gabe Harvey
|
0-0: Ball Robert Sayer steals 2nd base 1-0: Foul Ball, location: 2F 1-1: Foul Ball, location: 2F 1-2: Foul Ball, location: 2F 1-2: Foul Ball, location: 2F 1-2: Ball 2-2: Strikes out swinging
|
|
Batting: RHB Josh Nelson
|
0-0: Called Strike 0-1: Foul Ball, location: 2F 0-2: Foul Ball, location: 2F 0-2: SINGLE (Groundball, 4MD, EV 103.8 MPH) Robert Sayer to third Runner from 3rd tries for Home, throw by CF and OUT! 8-2
|
| Bottom of the 1st over - 0 runs, 2 hits, 0 errors, 1 left on base; Billings 0 - Helena 0 |
| TOP OF THE 2ND |
|
Billings Mustangs batting - Pitching for Helena Brewers : LHP Juan Gonzalez
|
|
Batting: RHB Jonathan Robies
|
0-0: Called Strike 0-1: Hit by Pitch
|
|
Batting: LHB Billy Guzman
|
0-0: Ball 1-0: Ball 2-0: Foul Ball, location: 2F 2-1: Fielders Choice at 2nd, 4-6 (Groundball, 4, EV 90.0 MPH)
|
|
Batting: RHB Jay Jacobson
|
0-0: Foul Ball, location: 2F 0-1: Called Strike 0-2: Fielders Choice at 2nd, 4-6 (Groundball, 34, EV 90.0 MPH)
|
|
Batting: LHB Matthew Berry
|
0-0: Ball 1-0: Foul Ball, location: 2F 1-1: Ball 2-1: Swinging Strike 2-2: Ball 3-2: Foul Ball, location: 2F 3-2: Base on Balls Jay Jacobson to second
|
|
Batting: RHB Yutaka Sato
|
0-0: Ball Wild Pitch! Jay Jacobson to third Matthew Berry to second 1-0: Called Strike 1-1: Foul Ball, location: 2F 1-2: Strikes out swinging
|
| Top of the 2nd over - 0 runs, 0 hits, 0 errors, 2 left on base; Billings 0 - Helena 0 |
| BOTTOM OF THE 2ND |
|
Helena Brewers batting - Pitching for Billings Mustangs : RHP Taneo Kobayashi
|
|
Batting: LHB Pablo Cardona
|
0-0: Fly out, F7 (Line Drive, 7, EV 91.2 MPH)
|
|
Batting: LHB Umar Matoub
|
0-0: Called Strike 0-1: Swinging Strike 0-2: Ball 1-2: Ground out 6-3 (Groundball, 6, EV 82.5 MPH)
|
|
Batting: RHB Jonathan Sarles
|
0-0: Called Strike 0-1: DOUBLE (Line Drive, 89D, EV 99.4 MPH)
|
|
Batting: RHB Juan Villanueva
|
0-0: Ground out 6-3 (Groundball, 6, EV 105.0 MPH)
|
| Bottom of the 2nd over - 0 runs, 1 hit, 0 errors, 1 left on base; Billings 0 - Helena 0 |
| TOP OF THE 3RD |
|
Billings Mustangs batting - Pitching for Helena Brewers : LHP Juan Gonzalez
|
|
Batting: LHB Jon Goddard
|
0-0: Called Strike 0-1: DOUBLE (Groundball, 3L, EV 98.1 MPH)
|
|
Batting: RHB Cyd Carver
|
0-0: Called Strike 0-1: Ball Wild Pitch! Jon Goddard to third 1-1: Ball 2-1: Foul Ball, location: 2F 2-2: Strikes out swinging
|
|
Batting: RHB Hector Maldonado
|
0-0: Ball 1-0: Called Strike 1-1: Called Strike 1-2: Ball 2-2: Ball 3-2: Base on Balls
|
|
Batting: RHB David Clough
|
0-0: Called Strike 0-1: Foul Ball, location: 2F 0-2: Ball 1-2: Ball 2-2: Grounds into double play, 5-4-3 (Groundball, 56S, EV 79.4 MPH)
|
| Top of the 3rd over - 0 runs, 1 hit, 0 errors, 1 left on base; Billings 0 - Helena 0 |
| BOTTOM OF THE 3RD |
|
Helena Brewers batting - Pitching for Billings Mustangs : RHP Taneo Kobayashi
|
|
Batting: RHB Leo Serrano
|
0-0: Bunt missed! 0-1: DOUBLE (Groundball, 5L, EV 107.5 MPH)
|
|
Batting: RHB Nick Cummings
|
0-0: Called Strike 0-1: Ball 1-1: Ball 2-1: Ball 3-1: Base on Balls
|
|
Batting: SHB Robert Sayer
|
0-0: Ball 1-0: Called Strike 1-1: Ball 2-1: Foul Ball, location: 2F 2-2: SINGLE (Line Drive, 56D, EV 103.8 MPH) Leo Serrano to third Nick Cummings to second
|
|
Batting: LHB Gabe Harvey
|
0-0: Foul Ball, location: 2F 0-1: Swinging Strike 0-2: Ball 1-2: Foul Ball, location: 2F 1-2: Ball 2-2: Foul Ball, location: 2F 2-2: Foul Ball, location: 2F 2-2: Strikes out swinging
|
|
Batting: RHB Josh Nelson
|
0-0: Ball 1-0: DOUBLE (Line Drive, 8RD, EV 95.6 MPH) Leo Serrano scores Nick Cummings scores Robert Sayer to third
|
|
Batting: LHB Pablo Cardona
|
0-0: Called Strike 0-1: Ball Wild Pitch! Robert Sayer scores Josh Nelson to third 1-1: SINGLE (Groundball, 3D, EV 100.6 MPH) Josh Nelson scores
|
|
Batting: LHB Umar Matoub
|
0-0: Ball Pablo Cardona steals 2nd base 1-0: Ground out 6-3 (Groundball, P, EV 85.6 MPH) Pablo Cardona to third
|
|
Batting: RHB Jonathan Sarles
|
0-0: Ball 1-0: Fly out, F3 (Popup, 3DF, EV 70.0 MPH)
|
| Bottom of the 3rd over - 4 runs, 4 hits, 0 errors, 1 left on base; Billings 0 - Helena 4 |
| TOP OF THE 4TH |
|
Billings Mustangs batting - Pitching for Helena Brewers : LHP Juan Gonzalez
|
|
Batting: RHB Jonathan Robies
|
0-0: Called Strike 0-1: Ball 1-1: Ball 2-1: Swinging Strike 2-2: Strikes out swinging wild pitch, reaches first!
|
|
Batting: LHB Billy Guzman
|
0-0: Ball 1-0: Ball 2-0: Foul Ball, location: 2F 2-1: Foul Ball, location: 2F 2-2: Ball 3-2: Base on Balls Jonathan Robies to second
|
|
Batting: RHB Jay Jacobson
|
0-0: Fielders Choice at 2nd, 5-4 (Groundball, 56, EV 85.6 MPH) Jonathan Robies to third
|
|
Batting: LHB Matthew Berry
|
0-0: Called Strike 0-1: Foul Ball, location: 2F 0-2: Ball 1-2: Ball 2-2: Foul Ball, location: 2F 2-2: Ball 3-2: Ground out U3 (Groundball, 3, EV 90.6 MPH) Jonathan Robies scores Jay Jacobson to second
|
|
Batting: RHB Yutaka Sato
|
0-0: Ball 1-0: TRIPLE (Groundball, 5L, EV 103.1 MPH) Jay Jacobson scores
|
|
Batting: LHB Jon Goddard
|
0-0: Swinging Strike 0-1: Swinging Strike 0-2: Foul Ball, location: 2F 0-2: Ball 1-2: Ground out U3 (Groundball, 34, EV 85.6 MPH)
|
| Top of the 4th over - 2 runs, 1 hit, 0 errors, 1 left on base; Billings 2 - Helena 4 |
| BOTTOM OF THE 4TH |
|
Helena Brewers batting - Pitching for Billings Mustangs : RHP Taneo Kobayashi
|
|
Batting: RHB Juan Villanueva
|
0-0: Ground out 3-1 (Groundball, 34, EV 106.2 MPH)
|
|
Batting: RHB Leo Serrano
|
0-0: Called Strike 0-1: Ground out 3-1 (Groundball, 34S, EV 68.8 MPH)
|
|
Batting: RHB Nick Cummings
|
0-0: Ball 1-0: Ball 2-0: Foul Ball, location: 2F 2-1: Ground out 5-3 (Groundball, 5, EV 82.5 MPH)
|
| Bottom of the 4th over - 0 runs, 0 hits, 0 errors, 0 left on base; Billings 2 - Helena 4 |
| TOP OF THE 5TH |
|
Billings Mustangs batting - Pitching for Helena Brewers : LHP Juan Gonzalez
|
|
Batting: RHB Cyd Carver
|
0-0: Fly out, F8 (Flyball, 8RD, EV 85.6 MPH)
|
|
Batting: RHB Hector Maldonado
|
0-0: Ball 1-0: Foul Ball, location: 2F 1-1: Foul Ball, location: 2F 1-2: Strikes out swinging
|
|
Batting: RHB David Clough
|
0-0: Foul Ball, location: 2F 0-1: Foul Ball, location: 2F 0-2: Ball 1-2: Ball 2-2: Ground out 4-3 (Groundball, 4MS, EV 66.2 MPH)
|
| Top of the 5th over - 0 runs, 0 hits, 0 errors, 0 left on base; Billings 2 - Helena 4 |
| BOTTOM OF THE 5TH |
|
Helena Brewers batting - Pitching for Billings Mustangs : RHP Taneo Kobayashi
|
|
Batting: SHB Robert Sayer
|
0-0: Foul Ball, location: 2F 0-1: Swinging Strike 0-2: Foul Ball, location: 2F 0-2: Ball 1-2: Foul Ball, location: 2F 1-2: Strikes out swinging
|
|
Batting: LHB Gabe Harvey
|
0-0: Ball 1-0: Called Strike 1-1: SINGLE (Line Drive, 78M, EV 106.2 MPH)
|
|
Batting: RHB Josh Nelson
|
0-0: Swinging Strike 0-1: Ball 1-1: Fielders Choice at 2nd, 6-4 (Groundball, 6, EV 91.2 MPH)
|
|
Batting: LHB Pablo Cardona
|
0-0: Ball 1-0: Swinging Strike 1-1: Ball 2-1: Foul Ball, location: 2F 2-2: 2-RUN HOME RUN (Flyball, 9D, EV 95.0 MPH), Distance : 378 ft
|
|
Pitching: RHP Jaime Kijowski
|
|
|
Batting: LHB Umar Matoub
|
0-0: Foul Ball, location: 2F 0-1: Foul Ball, location: 2F 0-2: Foul Ball, location: 2F 0-2: Ball 1-2: DOUBLE (Line Drive, 78M, EV 100.0 MPH)
|
|
Batting: RHB Jonathan Sarles
|
0-0: Fly out, F8 (Flyball, 89M, EV 90.6 MPH)
|
| Bottom of the 5th over - 2 runs, 3 hits, 0 errors, 1 left on base; Billings 2 - Helena 6 |
| TOP OF THE 6TH |
|
Billings Mustangs batting - Pitching for Helena Brewers : LHP Juan Gonzalez
|
|
Pitching: RHP Pat Spry
|
|
|
Batting: RHB Jonathan Robies
|
0-0: Ball 1-0: Ball 2-0: Ground out 5-3 (Groundball, 56, EV 82.5 MPH)
|
|
Batting: LHB Billy Guzman
|
0-0: Ball 1-0: Ball 2-0: Called Strike 2-1: Swinging Strike 2-2: Foul Ball, location: 2F 2-2: Ball 3-2: Base on Balls
|
|
Batting: RHB Jay Jacobson
|
0-0: Called Strike 0-1: Swinging Strike 0-2: Ball 1-2: Ball 2-2: Foul Ball, location: 2F 2-2: Foul Ball, location: 2F 2-2: Ball Billy Guzman steals 2nd base 3-2: Ground out 4-3 (Groundball, 4, EV 81.2 MPH) Billy Guzman to third
|
|
Batting: LHB Matthew Berry
|
0-0: SINGLE (Groundball, 34D, EV 105.0 MPH) Billy Guzman scores
|
|
Batting: RHB Yutaka Sato
|
0-0: Fly out, F8 (Flyball, 8RD, EV 90.0 MPH)
|
| Top of the 6th over - 1 run, 1 hit, 0 errors, 1 left on base; Billings 3 - Helena 6 |
| BOTTOM OF THE 6TH |
|
Helena Brewers batting - Pitching for Billings Mustangs : RHP Jaime Kijowski
|
|
Batting: RHB Juan Villanueva
|
0-0: Hit by Pitch
|
|
Batting: RHB Leo Serrano
|
0-0: Swinging Strike 0-1: Fielders Choice at 2nd, 6-4 (Groundball, 6, EV 103.1 MPH)
|
|
Batting: RHB Nick Cummings
|
0-0: Foul Ball, location: 2F 0-1: Foul Ball, location: 2F 0-2: Strikes out looking
|
|
Batting: SHB Robert Sayer
|
0-0: Ball Leo Serrano steals 2nd base 1-0: Swinging Strike 1-1: Ball 2-1: Ball 3-1: Fly out, F3 (Line Drive, 3, EV 75.0 MPH)
|
| Bottom of the 6th over - 0 runs, 0 hits, 0 errors, 1 left on base; Billings 3 - Helena 6 |
| TOP OF THE 7TH |
|
Billings Mustangs batting - Pitching for Helena Brewers : RHP Pat Spry
|
|
Pitching: RHP Dustin Pryor
|
|
|
Now at 2B: Craig Wright
|
|
|
Now at SS: Robert Sayer
|
|
|
Now in LF: Pablo Cardona
|
|
|
Now in CF: David Lass
|
|
|
Batting: LHB Jon Goddard
|
0-0: Ball 1-0: Foul Ball, location: 2F 1-1: Called Strike 1-2: Foul Ball, location: 2F 1-2: Hit by Pitch
|
|
Batting: RHB Cyd Carver
|
0-0: Sac Bunt to P - play at second, runner OUT! 1-6
|
|
Batting: RHB Hector Maldonado
|
0-0: Ball 1-0: Ball Cyd Carver steals 2nd base 2-0: Called Strike 2-1: Ground out U3 (Groundball, 34, EV 106.2 MPH) Cyd Carver to third
|
|
Batting: LHB David Moore
|
0-0: Called Strike 0-1: Ground out 1-3 (Groundball, 15S, EV 66.9 MPH)
|
| Top of the 7th over - 0 runs, 0 hits, 0 errors, 1 left on base; Billings 3 - Helena 6 |
| BOTTOM OF THE 7TH |
|
Helena Brewers batting - Pitching for Billings Mustangs : RHP Jaime Kijowski
|
|
Pitching: RHP Vladislav Prochazka
|
|
|
Batting: LHB Gabe Harvey
|
0-0: DOUBLE (Groundball, 5L, EV 102.5 MPH)
|
|
Batting: SHB Craig Wright
|
0-0: Ball Passed Ball! Gabe Harvey to third 1-0: Foul Ball, location: 2F 1-1: SINGLE (Line Drive, 4M, EV 100.6 MPH) Gabe Harvey scores
|
|
Batting: LHB Pablo Cardona
|
0-0: Called Strike 0-1: Called Strike 0-2: Ball 1-2: Strikes out looking
|
|
Batting: LHB Umar Matoub
|
0-0: Called Strike 0-1: SINGLE (Groundball, 4MD, EV 93.8 MPH) Craig Wright to second
|
|
Batting: RHB Jonathan Sarles
|
0-0: Called Strike 0-1: Ball 1-1: Foul Ball, location: 2F 1-2: Strikes out looking
|
|
Batting: SHB David Lass
|
0-0: Called Strike 0-1: Ball 1-1: Ground out 1-3 (Groundball, 15S, EV 68.8 MPH)
|
| Bottom of the 7th over - 1 run, 3 hits, 0 errors, 2 left on base; Billings 3 - Helena 7 |
| TOP OF THE 8TH |
|
Billings Mustangs batting - Pitching for Helena Brewers : RHP Dustin Pryor
|
|
Pitching: RHP Alejandro Souto
|
|
|
Batting: RHB Jonathan Robies
|
0-0: Foul Ball, location: 2F 0-1: Ball 1-1: Ball 2-1: Called Strike 2-2: Foul Ball, location: 2F 2-2: Strikes out swinging
|
|
Batting: LHB Billy Guzman
|
0-0: Ball 1-0: Swinging Strike 1-1: Ball 2-1: Called Strike 2-2: Foul Ball, location: 2F 2-2: Foul Ball, location: 2F 2-2: Foul Ball, location: 2F 2-2: Foul Ball, location: 2F 2-2: Strikes out swinging
|
|
Batting: RHB Jay Jacobson
|
0-0: Swinging Strike 0-1: Swinging Strike 0-2: Foul Ball, location: 2F 0-2: Ball 1-2: Strikes out swinging
|
| Top of the 8th over - 0 runs, 0 hits, 0 errors, 0 left on base; Billings 3 - Helena 7 |
| BOTTOM OF THE 8TH |
|
Helena Brewers batting - Pitching for Billings Mustangs : RHP Vladislav Prochazka
|
|
Pitching: LHP Paul Fuller
|
|
|
Batting: RHB Leo Serrano
|
0-0: Called Strike 0-1: Swinging Strike 0-2: Ball 1-2: Foul Ball, location: 2F 1-2: Ball 2-2: Ball 3-2: Strikes out looking
|
|
Batting: RHB Nick Cummings
|
0-0: Called Strike 0-1: Ball 1-1: Ball 2-1: Foul Ball, location: 2F 2-2: Ball 3-2: Foul Ball, location: 2F 3-2: Foul Ball, location: 2F 3-2: Strikes out swinging
|
|
Batting: SHB Robert Sayer
|
0-0: Ball 1-0: Ball 2-0: Foul Ball, location: 2F 2-1: Ball 3-1: SINGLE (Groundball, 56S, EV 70.0 MPH) (infield hit)
|
|
Pitching: RHP Juan Hernandez
|
|
|
Batting: LHB Gabe Harvey
|
0-0: Swinging Strike 0-1: Foul Ball, location: 2F 0-2: Foul Ball, location: 2F 0-2: Strikes out looking
|
| Bottom of the 8th over - 0 runs, 1 hit, 0 errors, 1 left on base; Billings 3 - Helena 7 |
| TOP OF THE 9TH |
|
Billings Mustangs batting - Pitching for Helena Brewers : RHP Alejandro Souto
|
|
Pitching: RHP Allen Gans
|
|
|
Batting: LHB Matthew Berry
|
0-0: Ball 1-0: Foul Ball, location: 2F 1-1: Swinging Strike 1-2: Foul Ball, location: 2F 1-2: Ball 2-2: Ball 3-2: Foul Ball, location: 2F 3-2: Ground out 6-3 (Groundball, 56, EV 86.2 MPH)
|
|
Batting: RHB Yutaka Sato
|
0-0: Ball 1-0: Ball 2-0: Ball 3-0: Called Strike 3-1: Ground out 6-3 (Groundball, 56D, EV 82.5 MPH)
|
|
Batting: LHB Jon Goddard
|
0-0: Ground out 1-3 (Groundball, 13S, EV 65.0 MPH)
|
| Top of the 9th over - 0 runs, 0 hits, 0 errors, 0 left on base; Billings 3 - Helena 7 |
|